APP
MISSOULA OSPREY @ PHILADELPHIA (APP) PHILLIES
06/28/2045
 
TOP OF THE 1ST
Missoula Osprey batting - Pitching for Philadelphia (APP) Phillies : LHP Shirou Yoshida
Pitching: LHP Shirou Yoshida
Batting: SHB Blaine Peters 0-0: Ball
1-0: Ball
2-0: Swinging Strike
2-1: Ground out 5-3 (Groundball, 56S, EV 69.4 MPH)
Batting: RHB Ernesto Zamora 0-0: SINGLE (Line Drive, 9LS, EV 93.1 MPH)
Batting: SHB Evan Armagost 0-0: Ball
1-0: Ball
2-0: Ball
3-0: Base on Balls
Ernesto Zamora to second
Batting: RHB Antonio Luisa 0-0: Ball
1-0: Called Strike
1-1: Swinging Strike
1-2: Strikes out swinging
Batting: RHB Paul Schreiber 0-0: Ball
1-0: Ball
2-0: Ball
3-0: Base on Balls
Ernesto Zamora to third
Evan Armagost to second
Batting: RHB Nate Spencer 0-0: DOUBLE (Line Drive, 7LS, EV 108.1 MPH)
Ernesto Zamora scores
Evan Armagost scores
Paul Schreiber to third
Batting: LHB Enrique Ponce 0-0: Ball
1-0: Ball
2-0: Ball
3-0: Base on Balls
Batting: SHB Nate Neumann 0-0: Ball
1-0: Foul Ball, location: 2F
1-1: Ball
2-1: Ball
3-1: Base on Balls
Paul Schreiber scores
Nate Spencer to third
Enrique Ponce to second
Batting: RHB Zach Espinosa 0-0: Foul Ball, location: 2F
0-1: Fly out, F8 (Flyball, 78M, EV 84.4 MPH)
Top of the 1st over - 3 runs, 2 hits, 0 errors, 3 left on base; Missoula 3 - Philadelphia (APP) 0
BOTTOM OF THE 1ST
Philadelphia (APP) Phillies batting - Pitching for Missoula Osprey : LHP Travis Osorio
Pitching: LHP Travis Osorio
Batting: RHB Gary Sampson 0-0: Ball
1-0: Called Strike
1-1: Swinging Strike
1-2: Ball
2-2: Ball
3-2: Foul Ball, location: 2F
3-2: Foul Ball, location: 2F
3-2: Base on Balls
Batting: RHB Danny Habermehl 0-0: Ball
1-0: Ball
Gary Sampson steals 2nd base
2-0: Ball
3-0: Called Strike
3-1: Base on Balls
Batting: SHB Marco de Leon 0-0: Foul Ball, location: 2F
0-1: Foul Ball, location: 2F
0-2: Ball
1-2: Ball
2-2: Fly out, F8 (Flyball, 78M, EV 83.1 MPH)
Batting: RHB Eduardo Calderon 0-0: Called Strike
0-1: Ball
1-1: Grounds into double play, 4-6-3 (Groundball, 4D, EV 85.6 MPH)
Bottom of the 1st over - 0 runs, 0 hits, 0 errors, 1 left on base; Missoula 3 - Philadelphia (APP) 0
TOP OF THE 2ND
Missoula Osprey batting - Pitching for Philadelphia (APP) Phillies : LHP Shirou Yoshida
Batting: SHB Blaine Peters 0-0: Ball
1-0: Foul Ball, location: 2F
1-1: Ball
2-1: SINGLE (Line Drive, 89S, EV 91.9 MPH)
Batting: RHB Ernesto Zamora 0-0: Called Strike
0-1: Foul Ball, location: 2F
0-2: Ball
1-2: SINGLE (Line Drive, 7S, EV 106.2 MPH)
Blaine Peters to second
Batting: SHB Evan Armagost 0-0: Ball
1-0: Foul Ball, location: 2F
1-1: Called Strike
1-2: Foul Ball, location: 2F
1-2: Foul Ball, location: 2F
1-2: Ball
2-2: Foul Ball, location: 2F
2-2: Strikes out swinging
Batting: RHB Antonio Luisa 0-0: Called Strike
0-1: Fly out, F5 (Line Drive, 5, EV 71.9 MPH)
Batting: RHB Paul Schreiber 0-0: Foul Ball, location: 2F
0-1: Fly out, F4 (Line Drive, 4, EV 72.5 MPH)
Top of the 2nd over - 0 runs, 2 hits, 0 errors, 2 left on base; Missoula 3 - Philadelphia (APP) 0
BOTTOM OF THE 2ND
Philadelphia (APP) Phillies batting - Pitching for Missoula Osprey : LHP Travis Osorio
Batting: LHB Jonathan Roman 0-0: Ball
1-0: Ball
2-0: Foul Ball, location: 2F
2-1: DOUBLE (Flyball, 7D, EV 102.5 MPH)
Batting: RHB Mike Bell 0-0: Called Strike
0-1: Foul Ball, location: 2F
0-2: SINGLE (Groundball, 56D, EV 104.4 MPH) (infield hit)
Jonathan Roman to third
Batting: LHB Emilio Ortez 0-0: Called Strike
0-1: Ball
1-1: Ball
2-1: Foul Ball, location: 2F
2-2: DOUBLE (Line Drive, 7LD, EV 108.1 MPH)
Jonathan Roman scores
Mike Bell to third
Batting: RHB Juan Valadez 0-0: Ball
1-0: Called Strike
1-1: Ball
2-1: Fly out, F5 (Popup, 56S, EV 75.6 MPH)
Batting: RHB Allen Deschamps 0-0: Ground out 6-3 (Groundball, 6S, EV 85.6 MPH)
Mike Bell scores
Batting: RHB Gary Sampson 0-0: Fly out, F9 (Flyball, 9, EV 86.9 MPH)
Bottom of the 2nd over - 2 runs, 3 hits, 0 errors, 1 left on base; Missoula 3 - Philadelphia (APP) 2
TOP OF THE 3RD
Missoula Osprey batting - Pitching for Philadelphia (APP) Phillies : LHP Shirou Yoshida
Batting: RHB Nate Spencer 0-0: Swinging Strike
0-1: Called Strike
0-2: Foul Ball, location: 2F
0-2: Foul Ball, location: 2F
0-2: Fly out, F8 (Flyball, 8LD, EV 85.6 MPH)
Batting: LHB Enrique Ponce 0-0: Ball
1-0: Foul Ball, location: 2F
1-1: Foul Ball, location: 2F
1-2: Ball
2-2: DOUBLE (Line Drive, 7LS, EV 112.5 MPH)
Batting: SHB Nate Neumann 0-0: Called Strike
Balk!
Enrique Ponce to third
0-1: Fly out, F8 (Flyball, 89D, EV 78.8 MPH)
Runner from 3rd tags up, OUT at HOME! 8-2
Top of the 3rd over - 0 runs, 1 hit, 0 errors, 0 left on base; Missoula 3 - Philadelphia (APP) 2
BOTTOM OF THE 3RD
Philadelphia (APP) Phillies batting - Pitching for Missoula Osprey : LHP Travis Osorio
Batting: RHB Danny Habermehl 0-0: Called Strike
0-1: Foul Ball, location: 2F
0-2: Ball
1-2: Ball
2-2: Strikes out swinging
Batting: SHB Marco de Leon 0-0: Called Strike
0-1: Ball
1-1: Foul Ball, location: 2F
1-2: SINGLE (Groundball, 6MD, EV 104.4 MPH)
Batting: RHB Eduardo Calderon 0-0: Foul Ball, location: 2F
0-1: Ball
1-1: Ground out 5-3 (Groundball, 5S, EV 65.6 MPH)
Marco de Leon to second
Batting: LHB Jonathan Roman 0-0: Ball
1-0: Ball
2-0: Ground out U3 (Groundball, 3L, EV 95.6 MPH)
Bottom of the 3rd over - 0 runs, 1 hit, 0 errors, 1 left on base; Missoula 3 - Philadelphia (APP) 2
TOP OF THE 4TH
Missoula Osprey batting - Pitching for Philadelphia (APP) Phillies : LHP Shirou Yoshida
Batting: RHB Zach Espinosa 0-0: Ball
1-0: Ground out 2-3 (Groundball, 2R, EV 68.8 MPH)
Pitching: RHP Josh Howell
Batting: SHB Blaine Peters 0-0: SINGLE (Line Drive, 9S, EV 108.1 MPH)
Batting: RHB Ernesto Zamora 0-0: Called Strike
0-1: Hit by Pitch
Blaine Peters to second
Batting: SHB Evan Armagost 0-0: Foul Ball, location: 2F
0-1: Ball
1-1: DOUBLE (Line Drive, 78XD, EV 104.4 MPH)
Blaine Peters scores
Ernesto Zamora to third
Runner from 3rd tries for Home, SAFE, no throw by CF
Batting: RHB Antonio Luisa 0-0: Ball
1-0: Called Strike
1-1: SINGLE (Groundball, 4MD, EV 104.4 MPH)
Evan Armagost to third
Runner from 3rd tries for Home, SAFE, throw by CF to home
Batting: RHB Paul Schreiber 0-0: Ball
1-0: Called Strike
1-1: Swinging Strike
1-2: Foul Ball, location: 2F
1-2: Foul Ball, location: 2F
1-2: Ball
2-2: Ball
3-2: Fielders Choice at 2nd, 5-4 (Groundball, 56S, EV 88.1 MPH)
Batting: RHB Nate Spencer 0-0: Ball
1-0: Ball
2-0: Called Strike
2-1: SINGLE (Line Drive, 7S, EV 106.9 MPH)
Paul Schreiber to second
Pitching: RHP Tony Ferreira
Batting: LHB Enrique Ponce 0-0: Called Strike
0-1: Ball
1-1: Ball
2-1: Foul Ball, location: 2F
2-2: Ball
3-2: Strikes out swinging
Top of the 4th over - 3 runs, 4 hits, 0 errors, 2 left on base; Missoula 6 - Philadelphia (APP) 2
BOTTOM OF THE 4TH
Philadelphia (APP) Phillies batting - Pitching for Missoula Osprey : LHP Travis Osorio
Batting: RHB Mike Bell 0-0: Fly out, F8 (Flyball, 8LM, EV 86.2 MPH)
Batting: LHB Emilio Ortez 0-0: Ball
1-0: Ball
2-0: Swinging Strike
2-1: Swinging Strike
2-2: Strikes out swinging
Batting: RHB Juan Valadez 0-0: Called Strike
0-1: Ball
1-1: Called Strike
1-2: Ball
2-2: Fly out, F5 (Line Drive, 5, EV 72.5 MPH)
Bottom of the 4th over - 0 runs, 0 hits, 0 errors, 0 left on base; Missoula 6 - Philadelphia (APP) 2
TOP OF THE 5TH
Missoula Osprey batting - Pitching for Philadelphia (APP) Phillies : RHP Tony Ferreira
Batting: SHB Nate Neumann 0-0: Ball
1-0: SINGLE (Line Drive, 56, EV 94.4 MPH)
Batting: RHB Zach Espinosa 0-0: Ball
1-0: Ball
2-0: Called Strike
2-1: Foul Ball, location: 2F
2-2: Foul Ball, location: 2F
2-2: SINGLE (Groundball, 6MD, EV 101.2 MPH)
Nate Neumann to second
Batting: SHB Blaine Peters 0-0: SINGLE (Line Drive, 4M, EV 96.2 MPH)
Nate Neumann to third
Zach Espinosa to second
Batting: RHB Ernesto Zamora 0-0: GRAND SLAM HOME RUN (Flyball, 78XD, EV 100.6 MPH), Distance : 396 ft
Pitching: RHP Joe Morse
Batting: SHB Evan Armagost 0-0: SINGLE (Groundball, 4M, EV 103.1 MPH) (infield hit)
Batting: RHB Antonio Luisa 0-0: Called Strike
0-1: Ball
1-1: Ball
2-1: Ball
3-1: Foul Ball, location: 2F
3-2: Base on Balls
Evan Armagost to second
Batting: RHB Paul Schreiber 0-0: SINGLE (Line Drive, 9LS, EV 89.4 MPH)
Evan Armagost to third
Antonio Luisa to second
Batting: RHB Nate Spencer 0-0: Ball
1-0: Ball
2-0: Called Strike
2-1: Ball
3-1: Base on Balls
Evan Armagost scores
Antonio Luisa to third
Paul Schreiber to second
Batting: LHB Enrique Ponce 0-0: Swinging Strike
0-1: Ball
Wild Pitch!
Antonio Luisa scores
Paul Schreiber to third
Nate Spencer to second
1-1: Ball
2-1: Foul Ball, location: 2F
2-2: Foul Ball, location: 2F
2-2: SINGLE (Groundball, 34D, EV 98.8 MPH)
Paul Schreiber scores
Nate Spencer to third
Pitching: RHP Dusty DuPont
Batting: SHB Nate Neumann 0-0: Called Strike
0-1: Hit by Pitch
Enrique Ponce to second
Batting: RHB Zach Espinosa 0-0: Called Strike
0-1: Foul Ball, location: 2F
0-2: Ball
1-2: Ground out 5-3 (Groundball, 56S, EV 68.1 MPH)
Nate Spencer scores
Enrique Ponce to third
Nate Neumann to second
Batting: SHB Blaine Peters 0-0: Ball
1-0: Ground out 6-3 (Groundball, 6M, EV 106.2 MPH)
Enrique Ponce scores
Nate Neumann to third
Batting: RHB Ernesto Zamora 0-0: Ball
1-0: Ball
2-0: Ball
3-0: Called Strike
3-1: Base on Balls
Batting: SHB Evan Armagost 0-0: Foul Ball, location: 2F
0-1: Ball
1-1: Called Strike
1-2: Ball
2-2: Foul Ball, location: 2F
2-2: Ball
3-2: SINGLE (Groundball, 25, EV 71.9 MPH) (infield hit)
Nate Neumann scores
Ernesto Zamora to second
Pitching: RHP Jonathan Beishline
Batting: RHB Antonio Luisa 0-0: Ball
1-0: Ball
2-0: Called Strike
2-1: Foul Ball, location: 2F
2-2: Ball
3-2: SINGLE (Groundball, 6MD, EV 106.9 MPH)
Ernesto Zamora to third
Evan Armagost to second
Ernesto Zamora scores
Evan Armagost to third
Batting: RHB Paul Schreiber 0-0: Ball
1-0: SINGLE (Line Drive, 9S, EV 105.0 MPH)
Evan Armagost scores
Antonio Luisa to second
Batting: RHB Nate Spencer 0-0: Ball
1-0: Ball
2-0: Called Strike
2-1: Called Strike
2-2: Foul Ball, location: 2F
2-2: Strikes out swinging
Top of the 5th over - 12 runs, 10 hits, 0 errors, 2 left on base; Missoula 18 - Philadelphia (APP) 2
BOTTOM OF THE 5TH
Philadelphia (APP) Phillies batting - Pitching for Missoula Osprey : LHP Travis Osorio
Batting: RHB Allen Deschamps 0-0: Ball
1-0: Ball
2-0: Ground out U3 (Groundball, 34, EV 85.0 MPH)
Batting: RHB Gary Sampson 0-0: Fly out, F9 (Flyball, 89M, EV 89.4 MPH)
Batting: RHB Danny Habermehl 0-0: Ball
1-0: Ground out 4-3 (Groundball, 4, EV 81.9 MPH)
Bottom of the 5th over - 0 runs, 0 hits, 0 errors, 0 left on base; Missoula 18 - Philadelphia (APP) 2
TOP OF THE 6TH
Missoula Osprey batting - Pitching for Philadelphia (APP) Phillies : RHP Jonathan Beishline
Batting: LHB Enrique Ponce 0-0: Ball
1-0: Ball
2-0: Called Strike
2-1: Foul Ball, location: 2F
2-2: Fly out, F8 (Flyball, 8RS, EV 87.5 MPH)
Pitching: LHP Tim Lawson
Batting: SHB Nate Neumann 0-0: Called Strike
0-1: Called Strike
0-2: Strikes out swinging
Batting: RHB Zach Espinosa 0-0: Foul Ball, location: 2F
0-1: Swinging Strike
0-2: Ball
1-2: Strikes out looking
Top of the 6th over - 0 runs, 0 hits, 0 errors, 0 left on base; Missoula 18 - Philadelphia (APP) 2
BOTTOM OF THE 6TH
Philadelphia (APP) Phillies batting - Pitching for Missoula Osprey : LHP Travis Osorio
Batting: SHB Marco de Leon 0-0: Ball
1-0: Ground out 1-3 (Groundball, 34S, EV 71.2 MPH)
Batting: RHB Eduardo Calderon 0-0: Ball
1-0: Ball
2-0: Foul Ball, location: 2F
2-1: Foul Ball, location: 2F
2-2: Foul Ball, location: 2F
2-2: Fly out, F4 (Popup, 34, EV 66.2 MPH)
Batting: LHB Jonathan Roman 0-0: Ball
1-0: Swinging Strike
1-1: Ground out 6-3 (Groundball, 6, EV 80.6 MPH)
Bottom of the 6th over - 0 runs, 0 hits, 0 errors, 0 left on base; Missoula 18 - Philadelphia (APP) 2
TOP OF THE 7TH
Missoula Osprey batting - Pitching for Philadelphia (APP) Phillies : LHP Tim Lawson
Pinch Hitting: RHB Mike Eagerton 0-0: Ball
1-0: Ball
2-0: Ball
3-0: Called Strike
3-1: Base on Balls
Batting: RHB Ernesto Zamora 0-0: Ball
1-0: Ball
2-0: Ball
3-0: Called Strike
3-1: Grounds into double play, 5-4-3 (Groundball, 56, EV 76.9 MPH)
Batting: SHB Evan Armagost 0-0: Ball
1-0: Fly out, F3 (Flyball, 3D, EV 81.2 MPH)
Top of the 7th over - 0 runs, 0 hits, 0 errors, 0 left on base; Missoula 18 - Philadelphia (APP) 2
BOTTOM OF THE 7TH
Philadelphia (APP) Phillies batting - Pitching for Missoula Osprey : LHP Travis Osorio
Now in LF: Paul Schreiber
Now in RF: Mike Eagerton
Batting: RHB Mike Bell 0-0: Called Strike
0-1: Swinging Strike
0-2: Strikes out swinging
Batting: LHB Emilio Ortez 0-0: Ball
1-0: Foul Ball, location: 2F
1-1: Called Strike
1-2: Strikes out swinging
Batting: RHB Juan Valadez 0-0: Ball
1-0: Called Strike
1-1: Ball
2-1: Called Strike
2-2: Foul Ball, location: 2F
2-2: Foul Ball, location: 2F
2-2: Ball
3-2: Base on Balls
Batting: RHB Allen Deschamps 0-0: Called Strike
Juan Valadez steals 2nd base (no throw)
0-1: Foul Ball, location: 2F
0-2: Ground out 5-3 (Groundball, 56S, EV 76.9 MPH)
Bottom of the 7th over - 0 runs, 0 hits, 0 errors, 1 left on base; Missoula 18 - Philadelphia (APP) 2
TOP OF THE 8TH
Missoula Osprey batting - Pitching for Philadelphia (APP) Phillies : LHP Tim Lawson
Pitching: LHP Chad Mroczkowski
Batting: RHB Antonio Luisa 0-0: Swinging Strike
0-1: SINGLE (Groundball, 56D, EV 105.0 MPH)
Batting: RHB Paul Schreiber 0-0: SINGLE (Line Drive, 34D, EV 95.6 MPH)
Antonio Luisa to second
Batting: RHB Nate Spencer 0-0: Foul Ball, location: 2F
0-1: Ball
1-1: Foul Ball, location: 2F
1-2: Foul Ball, location: 2F
1-2: Foul Ball, location: 2F
1-2: Foul Ball, location: 2F
1-2: SINGLE (Groundball, 25, EV 66.2 MPH) (infield hit)
Antonio Luisa to third
Paul Schreiber to second
Batting: LHB Enrique Ponce 0-0: Ball
1-0: Called Strike
1-1: Ball
2-1: Ball
3-1: Foul Ball, location: 2F
3-2: Fielders Choice at 2nd, 4-6 (Groundball, 4M, EV 103.1 MPH)
Antonio Luisa scores
Paul Schreiber to third
Batting: SHB Nate Neumann 0-0: Ball
1-0: Ball
2-0: Called Strike
2-1: Ball
3-1: Called Strike
3-2: Fielders Choice at 2nd, 4-6 (Groundball, 4, EV 94.4 MPH)
Paul Schreiber scores
Batting: RHB Zach Espinosa 0-0: Swinging Strike
0-1: Foul Ball, location: 2F
0-2: Ball
1-2: Ground out 4-3 (Groundball, 4, EV 105.6 MPH)
Top of the 8th over - 2 runs, 3 hits, 0 errors, 1 left on base; Missoula 20 - Philadelphia (APP) 2
BOTTOM OF THE 8TH
Philadelphia (APP) Phillies batting - Pitching for Missoula Osprey : LHP Travis Osorio
Batting: RHB Gary Sampson 0-0: Foul Ball, location: 2F
0-1: Ball
1-1: Ground out 5-3 (Groundball, 56S, EV 61.2 MPH)
Batting: RHB Danny Habermehl 0-0: Reached on error, E3 (Popup, 3S, EV 73.8 MPH)
Pitching: RHP Jeff Whaley
Batting: SHB Marco de Leon 0-0: Foul Ball, location: 2F
0-1: Foul Ball, location: 2F
0-2: Foul Ball, location: 2F
0-2: Ball
1-2: Ball
2-2: Foul Ball, location: 2F
2-2: Foul Ball, location: 2F
2-2: Ball
3-2: Strikes out swinging
Batting: RHB Eduardo Calderon 0-0: Ball
1-0: Foul Ball, location: 2F
1-1: Ball
2-1: 2-RUN HOME RUN (Flyball, 7D, EV 95.0 MPH), Distance : 365 ft
Batting: LHB Jonathan Roman 0-0: Foul Ball, location: 2F
0-1: Ball
1-1: SINGLE (Groundball, 25, EV 64.4 MPH) (infield hit)
Batting: RHB Mike Bell 0-0: Ball
1-0: Ball
2-0: Ball
3-0: Called Strike
3-1: 2-RUN HOME RUN (Flyball, 9D, EV 93.8 MPH), Distance : 354 ft
Pitching: RHP Alan Muth
Batting: LHB Emilio Ortez 0-0: Called Strike
0-1: Ball
1-1: Ball
2-1: Swinging Strike
2-2: Strikes out swinging
Bottom of the 8th over - 4 runs, 3 hits, 1 error, 0 left on base; Missoula 20 - Philadelphia (APP) 6
TOP OF THE 9TH
Missoula Osprey batting - Pitching for Philadelphia (APP) Phillies : LHP Chad Mroczkowski
Batting: RHB Mike Eagerton 0-0: Ground out 4-3 (Groundball, 4, EV 91.2 MPH)
Batting: RHB Ernesto Zamora 0-0: Fly out, F9 (Flyball, 9LM, EV 90.0 MPH)
Batting: SHB Evan Armagost 0-0: Ball
1-0: Called Strike
1-1: Ball
2-1: Called Strike
2-2: SINGLE (Groundball, 4, EV 101.9 MPH)
Batting: RHB Antonio Luisa 0-0: Ball
1-0: Fielders Choice at 2nd, 6-4 (Groundball, 6, EV 91.2 MPH)
Top of the 9th over - 0 runs, 1 hit, 0 errors, 1 left on base; Missoula 20 - Philadelphia (APP) 6
BOTTOM OF THE 9TH
Philadelphia (APP) Phillies batting - Pitching for Missoula Osprey : RHP Alan Muth
Batting: RHB Juan Valadez 0-0: Ball
1-0: Foul Ball, location: 2F
1-1: Ball
2-1: Foul Ball, location: 2F
2-2: SINGLE (Line Drive, 9LS, EV 104.4 MPH)
Batting: RHB Allen Deschamps 0-0: Called Strike
0-1: Ball
1-1: Ball
2-1: Foul Ball, location: 2F
2-2: Strikes out swinging
Batting: RHB Gary Sampson 0-0: Ball
1-0: Foul Ball, location: 2F
1-1: Foul Ball, location: 2F
1-2: Ball
2-2: Fly out, F9 (Flyball, 89M, EV 80.6 MPH)
Pitching: RHP Jaylen Hatten
Batting: RHB Danny Habermehl 0-0: Ball
1-0: Ball
2-0: Foul Ball, location: 2F
2-1: Called Strike
2-2: Ball
3-2: Fly out, F8 (Flyball, 8RD, EV 101.9 MPH)
Bottom of the 9th over - 0 runs, 1 hit, 0 errors, 1 left on base; Missoula 20 - Philadelphia (APP) 6
Wednesday, June 22nd , 2022 - OOTP Baseball 23.4 Build 64